[Event "Karel Janecek Open 2024"]
[Site "Prague"]
[Date "2024.03.02"]
[Round "4.19"]
[White "Botez, Andrea"]
[Black "Tolhuizen, Ludo"]
[Result "1-0"]
[ECO "B06"]
[WhiteElo "1709"]
[BlackElo "1993"]
[Annotator "NA RC"]
[PlyCount "75"]
[EventDate "2024.02.22"]
[EventType "swiss"]
[EventCountry "CZE"]
[SourceTitle "playchess.com"]
[Source "ChessBase"]
[SourceQuality "1"]
[TimeControl "40/5400+30:1800+30"]

1. d4 d6 2. Nc3 g6 3. e4 Bg7 4. Bf4 Nd7 5. Qd2 e5 6. dxe5 dxe5 7. Bg5 Ngf6 8. O-O-O h6 9. Be3 Ng4 10. Nf3 Nxe3 11. fxe3 O-O 12. Bc4 c6 13. Qd6 Kh7 14. Rhf1 Qb6 15. Nd2 f6 16. Na4 Qxe3 17. Rf3 Qd4 18. Qe7 a6 19. Rd3 Qa7 20. Bf7 Rxf7 21. Qxf7 b5 22. Rg3 Nf8 23. Qxa7 Rxa7 24. Nc5 Ne6 25. Ndb3 Bf8 26. Nxe6 Bxe6 27. Rc3 Bc4 28. Na5 Bb4 29. Nxc6 Bxc3 30. Nxa7 Bd4 31. Nc6 Be3+ 32. Kb1 h5 33. Rd7+ Kh6 34. Rd6 Kg5 35. g3 Bc5 36. h4+ Kg4 37. Rxf6 Kxg3 38. Nxe5 1-0

[Event "Karel Janecek Open 2024"]
[Site "Prague"]
[Date "2024.03.03"]
[Round "5.1"]
[White "Xiang, Zeyu"]
[Black "Stoyanov, Tsvetan"]
[Result "1-0"]
[ECO "D27"]
[WhiteElo "2418"]
[BlackElo "2465"]
[Annotator "TA"]
[PlyCount "119"]
[EventDate "2024.02.22"]
[EventType "swiss"]
[EventCountry "CZE"]
[SourceTitle "playchess.com"]
[Source "ChessBase"]
[SourceQuality "1"]
[TimeControl "40/5400+30:1800+30"]

1. d4 d5 2. c4 dxc4 3. e3 Nf6 4. Bxc4 e6 5. Nf3 c5 6. O-O a6 7. Nc3 b5 8. Be2 Nbd7 {[%emt 0:00:19] D27: Queen's Gambit Accepted: Classical main line: 7 e4!? and 7 a4.} 9. d5 exd5 10. Nxd5 Bb7 11. Nxf6+ Qxf6 12. a4 b4 13. e4 h6 14. Qc2 Bd6 15. Be3 O-O 16. Rad1 Rad8 17. Nd2 Be5 $146 ({Predecessor:} 17... Rfe8 18. f3 Be5 19. Nc4 Bd4 20. h3 Re7 21. Kh1 Ne5 22. Na5 Qb6 23. Nxb7 Rxb7 24. f4 {½-½ Jensen,B (2328)-Gerhards,G (2303) EU-ch 2021 sf13 email}) 18. Nc4 Bd4 19. Na5 Ba8 20. Bxd4 cxd4 21. Nb3 Nb6 22. a5 Na4 (22... d3 $1 $11 {remains equal.} 23. Bxd3 (23. Rxd3 Bxe4 24. axb6 Qg6 $17) 23... Na4) 23. Bd3 $1 $16 Rfe8 ({Black should try} 23... Rb8) 24. Rc1 Qe6 25. f3 Rc8 26. Bc4 $1 Qd6 (26... Qf6 $16) 27. Rfd1 $18 d3 28. Qxd3 Qf6 29. Bxa6 Nxb2 30. Rxc8 Rxc8 31. Qd6 Qc3 32. Bxc8 Nxd1 33. Qxd1 (33. Qd8+ Kh7 34. Bf5+ g6 35. Bxg6+ (35. Qxd1 gxf5 36. Kf2 Qb2+ 37. Ke3 Qxg2 $15) 35... Kxg6 36. Qxd1 Bc6 $11) 33... Qxc8 34. Qd4 Qc2 35. Qxb4 Qb1+ 36. Kf2 Bc6 (36... Qb2+ {was called for.} 37. Kg3 Qe5+ 38. Kf2 Qb2+ 39. Ke1 Qb1+ 40. Kd2 Qb2+ 41. Kd3 Kh7) 37. Qc3 Bd7 38. Nd4 Qa2+ 39. Kg3 h5 40. Qc7 $2 (40. h4 $18 {and White stays clearly on top.}) 40... h4+ $16 41. Kf4 $1 h3 42. Qd8+ (42. Qxd7 $18 Qd2+ 43. Kg3 hxg2 44. Qc8+ Kh7 45. Qh3+ Kg8 46. Qxg2 (46. Qc8+ Kh7 $11) 46... Qxd4 47. Qa2) 42... Kh7 $16 43. gxh3 $1 (43. Qxd7 $6 hxg2 44. Qh3+ Kg8 45. Qc8+ Kh7 46. Qh3+ Kg8 47. Qc8+ Kh7 48. Qh3+ $11) 43... Qxh2+ 44. Ke3 Qg1+ 45. Kd3 Bb5+ {[%emt 0:05:51] [#]} 46. Kc2 $1 (46. Nxb5 $2 {loses.} Qd1+ 47. Kc3 Qxd8 $19) 46... Ba4+ (46... Bf1 $16) 47. Kc3 $18 Qc1+ 48. Kb4 Bd1 49. Qd5 Qd2+ 50. Kb5 Qb2+ 51. Kc5 Qa3+ 52. Kb6 Qb4+ (52... Qb2+ $142 53. Kc7 Qa3) 53. Nb5 $18 Be2 54. a6 Bxb5 55. Qxb5 Qd6+ 56. Kb7 Qe7+ 57. Kc8 Qe6+ 58. Kd8 Qd6+ {[%emt 0:00:11] [#]} 59. Ke8 $1 Kg8 (59... Qe6+ $18 60. Kd8 Qd6+ 61. Kc8 Qe6+ 62. Kc7 Qe7+ 63. Qd7 Qc5+ 64. Qc6 Qe7+ 65. Kb8 Qf8+ 66. Qc8 Qd6+ 67. Ka8 Kh6) 60. a7 1-0

[Event "Karel Janecek Open 2024"]
[Site "Prague"]
[Date "2024.03.03"]
[Round "5.2"]
[White "Harshavardhan G B"]
[Black "Zhao, Yuanhe"]
[Result "1/2-1/2"]
[ECO "B28"]
[WhiteElo "2392"]
[BlackElo "2461"]
[Annotator "TA"]
[PlyCount "52"]
[EventDate "2024.02.22"]
[EventType "swiss"]
[EventCountry "CZE"]
[SourceTitle "playchess.com"]
[Source "ChessBase"]
[SourceQuality "1"]
[TimeControl "40/5400+30:1800+30"]

1. e4 c5 2. Nf3 a6 3. c4 Nc6 4. d4 cxd4 5. Nxd4 e5 6. Nf5 d5 7. cxd5 ({But not} 7. Qxd5 Bxf5 8. exf5 (8. Qxd8+ Rxd8 9. exf5 Nb4 $15) 8... Qc7 $15) 7... Bxf5 8. exf5 Nd4 {[%emt 0:00:06] White has an edge.} 9. Nc3 Bd6 (9... Be7 $11 {keeps the balance.}) 10. Bd3 $16 Qd7 11. O-O Nxf5 (11... Ne7 $142) 12. Na4 {[%emt 0:04:34] And now Nb6 would win.} Rd8 13. Nb6 Qc7 14. Qa4+ Kf8 {[%emt 0:00:42] [#] Black is weak on the light squares} 15. Bxf5 (15. Bd2 $1 $18 {is the precise move to win.} e4 16. Bxe4 (16. Qxe4 Bxh2+ 17. Kh1 Qxb6 $16) 16... Bxh2+ 17. Kh1 Qxb6 18. Kxh2 (18. Bxf5 Bd6 $18)) 15... Qxb6 16. Be3 Qb5 17. Qxb5 axb5 18. Bb6 Ra8 19. Bd3 b4 $1 {[%emt 0:00:10] The position is equal.} 20. Rfc1 Nf6 21. Bc5 Ke7 22. Rc4 Nxd5 23. Be4 {[%emt 0:05:18] A strong pair of Bishops.} Rhc8 24. Bxd6+ Kxd6 25. Bxd5 Kxd5 26. Rxb4 {[%emt 0:00:04][%cal Oa2a3] [#]} Rxa2 $1 {[%emt 0:01:33] Weighted Error Value: White=0.15 (very precise) /Black=0.13 (very precise) .  Mistake:       	White=1     	Black=2      Inaccurate:     	White=2     	Black=1      OK:         	White=6     	Black=8      Best:        	White=4     	Black=3      Strong:       	---       	Black=1} 1/2-1/2

[Event "Karel Janecek Open 2024"]
[Site "Prague"]
[Date "2024.03.03"]
[Round "5.3"]
[White "Neuman, Petr"]
[Black "Ilamparthi A R"]
[Result "1/2-1/2"]
[ECO "C47"]
[WhiteElo "2398"]
[BlackElo "2426"]
[Annotator "RC"]
[PlyCount "49"]
[EventDate "2024.02.22"]
[EventType "swiss"]
[EventCountry "CZE"]
[SourceTitle "playchess.com"]
[Source "ChessBase"]
[SourceQuality "1"]
[TimeControl "40/5400+30:1800+30"]

1. e4 e5 2. Nf3 Nc6 3. d4 exd4 4. Nxd4 Nf6 5. Nc3 Bb4 6. Nxc6 bxc6 7. Bd3 O-O 8. O-O Re8 9. Qf3 h6 10. h3 d6 11. Bd2 Rb8 12. Rad1 Nd7 13. Qg3 Qf6 14. a3 Ba5 15. b4 Bb6 16. Na4 Ne5 17. Bc3 Qg5 18. Kh2 Be6 19. Nxb6 axb6 20. Ra1 Qxg3+ 21. Kxg3 Nxd3 22. cxd3 Bb3 23. Rfc1 Ra8 24. f3 c5 25. Bb2 1/2-1/2

[Event "Karel Janecek Open 2024"]
[Site "Prague"]
[Date "2024.03.03"]
[Round "5.5"]
[White "Harikrishnan.A.Ra"]
[Black "Bernadskiy, Vitaliy"]
[Result "1/2-1/2"]
[ECO "A49"]
[WhiteElo "2448"]
[BlackElo "2566"]
[Annotator "TA"]
[PlyCount "61"]
[EventDate "2024.02.22"]
[EventType "swiss"]
[EventCountry "CZE"]
[SourceTitle "playchess.com"]
[Source "ChessBase"]
[SourceQuality "1"]
[TimeControl "40/5400+30:1800+30"]

1. Nf3 Nf6 2. g3 g6 3. b3 Bg7 4. Bb2 c5 5. c4 d6 6. d4 Ne4 7. Bg2 Qa5+ 8. Nfd2 Nxd2 9. Bc3 Qb6 {[%emt 0:05:22] [#] Hoping for ...Nxb1.} (9... Bxd4 $2 10. Bxa5 Nxb1 11. Rxb1 $18) 10. dxc5 {[%emt 0:07:02] Black is slightly better.} Nxb1 $1 (10... Bxc3 11. Nxc3 $16 (11. cxb6 $2 {is the wrong capture.} Nxb1+ 12. Kf1 Bxa1 $19) (11. cxb6 $2 Nxb1+ 12. Kf1 Bxa1 $19)) 11. Bxg7 Qb4+ (11... Qxc5 $2 {perishes.} 12. Bxh8 Qb4+ 13. Kf1 $18) 12. Kf1 Nd2+ ({Better is} 12... Rg8 $1 $15 13. Bb2 Nd2+ 14. Kg1 Nxc4 (14... dxc5 15. Rc1 $11)) 13. Kg1 $11 Rg8 14. Bh6 $36 {[%emt 0:07:55][%mdl 2048] White fights for an advantage. A strong pair of Bishops.} Nxc4 15. bxc4 {[%emt 0:01:06] Rb1 would now be deadly.} Qxc5 16. Be3 Qc7 17. h4 Bd7 {[%emt 0:02:47][%cal Od7c6] [#]} 18. c5 $1 Bc6 (18... dxc5 19. Bxc5) 19. cxd6 Qxd6 20. Qb3 Qe6 21. Bxc6+ Nxc6 22. Qxb7 Rb8 23. Qa6 f6 24. Rc1 (24. Kh2 $5) 24... Rc8 {[%emt 0:02:05] The position is equal.} 25. Bxa7 (25. Kg2 {is more complex.} Kf7 26. h5 g5 27. Rc4) 25... Kf7 {[%emt 0:00:38] And now ...Nxa7 would win.} 26. Be3 Nb4 27. Qxe6+ Kxe6 28. a4 Rxc1+ 29. Bxc1 Ra8 30. Bd2 Rxa4 31. Bxb4 {[%emt 0:00:04] Weighted Error Value: White=0.07 (flawless) /Black=0.07 (flawless) .  Mistake:       	---       	Black=1      Inaccurate:     	White=1     	Black=1      OK:         	White=5     	Black=11     Best:        	White=4     	Black=3      Strong:       	---       	Black=1      Brilliant:      	White=1     	---} 1/2-1/2

[Event "Karel Janecek Open 2024"]
[Site "Prague"]
[Date "2024.03.03"]
[Round "5.6"]
[White "Neverov, Valeriy"]
[Black "Li, Di"]
[Result "0-1"]
[ECO "D45"]
[WhiteElo "2423"]
[BlackElo "2563"]
[Annotator "TA"]
[PlyCount "98"]
[EventDate "2024.02.22"]
[EventType "swiss"]
[EventCountry "CZE"]
[SourceTitle "playchess.com"]
[Source "ChessBase"]
[SourceQuality "1"]
[TimeControl "40/5400+30:1800+30"]

1. d4 d5 2. c4 e6 3. Nc3 c6 4. e3 Nf6 5. Nf3 Nbd7 6. b3 Bb4 7. Bd2 O-O 8. Be2 b6 9. O-O Qe7 10. Ne5 Bb7 {[%emt 0:04:16] The position is equal.} 11. Nxd7 Nxd7 12. Bd3 Nf6 13. Ne2 Bd6 14. Ng3 g6 15. Qe2 Rfe8 16. Rad1 Rad8 17. Bc3 e5 18. dxe5 Bxe5 19. Qb2 Bxc3 20. Qxc3 h5 21. h3 c5 22. Rfe1 Rd6 23. cxd5 {[%emt 0:02:02] e4 is the strong threat.} h4 24. Ne2 {[%emt 0:04:29] Black keeps a firm grip on the game.} (24. Nf1 $15 Nxd5 (24... Bxd5 25. Bc2 $11) 25. Qb2) 24... Nxd5 $17 (24... Bxd5 25. Nf4 $11) 25. Qc1 {[%emt 0:00:12] [#]} Qg5 $1 {[%emt 0:06:56][%cal Rd5e3] Threatens to win with ...Nxe3!} 26. e4 Qxc1 27. Rxc1 Nf6 $36 {[%emt 0:01:00][%mdl 2048] Black has strong initiative.} 28. Bc4 Nxe4 {[%emt 0:04:17] Black is more active.} 29. Nc3 Kf8 30. Nxe4 Rxe4 31. Rxe4 Bxe4 {[%emt 0:00:05][%mdl 4096] Endgame. KRB-KRB} 32. a4 a5 33. Re1 Rd4 34. g3 Bd3 35. Rc1 Ke7 36. gxh4 Bxc4 37. bxc4 $19 {[%emt 0:00:36] KR-KR} Kd6 (37... Rxh4 38. Kg2 $19) 38. Kg2 Rd3 ({Don't play} 38... Rxh4 39. Kg3 Re4 40. f4 $19) 39. Rb1 (39. f4 $142) 39... Kc6 40. Re1 Ra3 41. Re4 Kd7 42. Rf4 Ke7 (42... Rxa4 43. Rxf7+ Ke6 44. Rb7 $17) 43. Re4+ Kf6 44. Re8 Rxa4 {[%emt 0:00:33] Black is clearly winning.} 45. Rb8 Rb4 46. Kf3 a4 {[%emt 0:00:24][%cal Of6e5] ...Ke5! would now be deadly.} (46... Rxc4 47. Rxb6+ Ke5 48. Ke3 $19) 47. Ke3 a3 (47... Rxc4 48. Rxb6+ Ke5 49. h5 gxh5 50. Kd3 Rd4+ (50... Rh4 $2 51. Rc6 $19) 51. Kc3) 48. Kd3 (48. Ra8 $142) 48... Kf5 (48... b5 $142 49. Ra8 Rb3+ (49... Rxc4 $2 50. Rxa3 Rxh4 51. Kd2 $19) (49... bxc4+ $2 50. Kc3 $19) 50. Ke4 b4 (50... Rxh3 51. cxb5 Rb3 52. Ra5 $17) (50... bxc4 $2 51. Ra5 $19)) 49. Kc3 Ra4 {[%emt 0:00:28] Dodges Ra8.   Weighted Error Value: White=0.60/Black=0.18 (very precise) .  Mistake:       	White=3     	Black=1      Inaccurate:     	White=4     	---        OK:         	White=13    	Black=24     Best:        	---       	Black=4      Strong:       	---       	Black=1} 0-1

[Event "Karel Janecek Open 2024"]
[Site "Prague"]
[Date "2024.03.03"]
[Round "5.7"]
[White "Kourkoulos-Arditis, Stamatis"]
[Black "Jarmula, Lukasz"]
[Result "1-0"]
[ECO "C41"]
[WhiteElo "2547"]
[BlackElo "2434"]
[Annotator "TA"]
[PlyCount "161"]
[EventDate "2024.02.22"]
[EventType "swiss"]
[EventCountry "CZE"]
[SourceTitle "playchess.com"]
[Source "ChessBase"]
[SourceQuality "1"]
[TimeControl "40/5400+30:1800+30"]

1. e4 d6 2. d4 Nf6 3. Nc3 e5 4. Nf3 exd4 5. Nxd4 Be7 6. g3 d5 7. e5 Ng4 8. Bg2 Nxe5 9. Qe2 (9. Bxd5 O-O $11) 9... Nec6 {[%emt 0:00:41] White is slightly better.} 10. Be3 Nxd4 11. Bxd4 O-O 12. Nxd5 {[%emt 0:02:02][%cal Bc3d5,Bd5b4,Bb4c2,Bc2d4][%mdl 32] White has more active pieces.} (12. Bxd5 c6 13. Bb3 Qxd4 $11) 12... Bb4+ 13. Nxb4 Qxd4 14. c3 (14. Nd5 $1 $16 Qxb2 15. O-O) 14... Qd8 $11 {[%emt 0:02:01] ...Re8 is the strong threat.} 15. O-O {[%emt 0:08:01] Rad1 would now be deadly.} c6 16. Rad1 Qc7 {[%emt 0:03:14] Black is weak on the dark squares} 17. Rfe1 Be6 18. Nc2 Nd7 19. Nd4 Rfe8 20. Qh5 Nf6 21. Qc5 Bg4 22. f3 Rxe1+ 23. Rxe1 Bd7 24. f4 Qb6 25. Qxb6 axb6 26. a3 Re8 27. Rxe8+ Nxe8 {[%emt 0:00:32][%mdl 4096] Endgame. KBN-KBN} 28. Kf2 Nd6 29. Bf1 {[%emt 0:01:01] Against Nc4} f6 30. Ke3 Kf7 31. b4 Ke7 32. Bd3 h6 33. Nb3 Be6 34. Nd2 g5 35. Be2 Nf5+ 36. Ke4 Nd6+ 37. Ke3 Nf5+ 38. Kd3 Bf7 39. Bf3 Nd6 40. c4 Bg6+ 41. Kd4 Nf5+ 42. Kc3 gxf4 43. gxf4 Ng7 44. Nb3 Ne6 45. c5 b5 (45... bxc5 $1 $11 {keeps the balance.} 46. Nxc5 Nxc5 47. bxc5 Ke6) 46. Na5 $16 Nd8 47. Bg4 ({Only move:} 47. Nxb7 $1 $16 Nxb7 48. Bxc6) 47... f5 $11 48. Bf3 {[%emt 0:01:40] And now Kd4 would win.} Be8 $1 49. Kd4 {[%emt 0:00:14] Threatens to win with Ke5.} Kf6 50. Bh1 Bd7 51. Bg2 Bc8 52. Bf3 Bd7 53. Bd1 Be6 54. Bc2 Bd5 55. Ke3 Be6 56. Bd1 Bd5 57. a4 bxa4 58. Bxa4 Ke6 59. Bc2 Kf6 60. Bd3 Be6 61. Kf2 Bf7 62. Kg3 Bd5 63. Bf1 Be6 64. Bg2 Bf7 65. Kf2 Be6 66. Ke2 Bf7 67. Ke3 Be6 68. Kd4 Bf7 69. Kc3 Be6 70. b5 Bc8 71. Nc4 Ne6 {[%emt 0:01:18] [#]} (71... cxb5 $11 {remains equal.} 72. Nb6 (72. Nd6 Bd7 $11) 72... Be6) 72. Nd6 $1 $16 (72. bxc6 bxc6 73. Bxc6 Nxc5 $17) 72... Nxf4 (72... Bd7 $16 {was called for.}) 73. Bf3 ({Weaker is} 73. bxc6 Nxg2 74. cxb7 (74. Nxc8 bxc6 75. Na7 f4 $11) 74... Bxb7 75. Nxb7 Ke5 $15) 73... Be6 $2 {[%emt 0:00:25] [#]} (73... Ne6 {keeps fighting.}) 74. b6 $1 $18 Ke7 $2 {[%emt 0:00:41] [#]} (74... Bd5) 75. Bxc6 $1 Nd5+ (75... Bd5 76. Bxb7) 76. Bxd5 Bxd5 77. Nxf5+ Kd7 78. Kd4 Be6 79. Nxh6 Kc6 80. h4 {[%emt 0:00:03] h5 would kill now.} Kb5 81. Ke4 {[%emt 0:01:14] Weighted Error Value: White=0.08 (flawless) /Black=0.07 (flawless) .  Mistake:       	White=2     	Black=5      Inaccurate:     	---       	Black=1      OK:         	White=22    	Black=32     Best:        	White=4     	Black=2      Strong:       	White=2     	Black=1      Brilliant:      	White=1     	---} 1-0

[Event "Karel Janecek Open 2024"]
[Site "Prague"]
[Date "2024.03.03"]
[Round "5.8"]
[White "Chkhaidze, Nikoloz"]
[Black "Polak, Tomas"]
[Result "0-1"]
[ECO "A11"]
[WhiteElo "2209"]
[BlackElo "2525"]
[Annotator "TA"]
[PlyCount "112"]
[EventDate "2024.02.22"]
[EventType "swiss"]
[EventCountry "CZE"]
[SourceTitle "playchess.com"]
[Source "ChessBase"]
[SourceQuality "1"]
[TimeControl "40/5400+30:1800+30"]

1. c4 Nf6 2. g3 c6 3. Nf3 d5 4. Bg2 Bg4 5. Ne5 Be6 6. cxd5 Bxd5 7. Nf3 g6 8. Nc3 Bg7 9. O-O O-O {[%emt 0:00:15] White is slightly better.} 10. Qc2 a5 11. Rd1 Bxf3 12. Bxf3 Nbd7 13. d4 e6 14. e4 Qe7 15. Bg5 h6 16. Be3 Rac8 17. e5 Nd5 18. Nxd5 exd5 19. Qd2 ({White should try} 19. h4 $16) 19... h5 20. Qxa5 f6 21. exf6 Nxf6 22. Qd2 Ne4 23. Bxe4 Qxe4 24. Qd3 (24. Bf4 {simplifies} Rce8 25. h4 Rxf4 26. Qxf4 Qxf4 27. gxf4 Re4 28. Re1) 24... Qg4 {[%emt 0:01:29] [#]} 25. h3 Qxh3 $17 {[%emt 0:04:37] Strongly threatening ...Qg4.} 26. Qxg6 Rf6 27. Qg5 Rf5 28. Qg6 Rf6 {[%emt 0:01:02] Really sharp!} 29. Qg5 Kf7 {[%emt 0:03:13] [#] Threatens to win with ...Rg6.} 30. Qh4 $1 Qxh4 31. gxh4 Re8 32. Re1 {[%emt 0:10:32] Black continues to play with concentration.} (32. a4 $15) 32... Re4 $36 {[%emt 0:01:15][%mdl 2048] Keeping White busy.} 33. Bg5 {[%emt 0:00:24] Black must now prevent Rxe4.} Rfe6 34. Re3 Bxd4 35. Rf3+ Kg6 36. Kf1 Bf6 {[%emt 0:04:05] Black is much more active.} 37. Rb3 (37. Bxf6 $17 Rxf6 38. Rh3) 37... Bxg5 $19 38. hxg5 {[%emt 0:00:01][%mdl 4096] Endgame. KRR-KRR} b5 (38... Kxg5 39. Rxb7 Rh4 40. Kg2) 39. Rc1 (39. Rf3 {was called for.}) 39... Kxg5 40. Rg3+ Kf6 41. b3 Ke7 42. Rg7+ Kd6 43. Rh7 Re2 44. Rxh5 (44. a4 $142) 44... Rxa2 45. Rf5 Rb2 46. Rc3 b4 47. Rg3 Rc2 48. Rf4 Kc5 49. Rgg4 Rb2 50. Rxb4 (50. Rf3 $142) 50... Rf6 {[%emt 0:00:14] Black is clearly winning.} 51. Rb8 Rfxf2+ 52. Kg1 Rfc2 53. b4+ Kd6 54. Rf8 Rc1+ 55. Rf1 Rxf1+ 56. Kxf1 Ke5 {[%emt 0:00:29] Weighted Error Value: White=0.38/Black=0.14 (very precise) .  Mistake:       	White=7     	---        Inaccurate:     	White=3     	Black=3      OK:         	White=20    	Black=22     Best:        	---       	Black=4      Strong:       	White=1     	---} (56... Kc7 $142 57. b5 Rxb5 (57... cxb5 $2 58. Ke1 $19) 58. Rg7+ Kb6) 0-1

[Event "Karel Janecek Open 2024"]
[Site "Prague"]
[Date "2024.03.03"]
[Round "5.9"]
[White "Kusa, Jakub"]
[Black "Barbosa, Evandro Amorim"]
[Result "1/2-1/2"]
[ECO "E92"]
[WhiteElo "2350"]
[BlackElo "2491"]
[Annotator "TA"]
[PlyCount "64"]
[EventDate "2024.02.22"]
[EventType "swiss"]
[EventCountry "CZE"]
[SourceTitle "playchess.com"]
[Source "ChessBase"]
[SourceQuality "1"]
[TimeControl "40/5400+30:1800+30"]

1. d4 Nf6 2. Nf3 g6 3. c4 Bg7 4. Nc3 d6 5. e4 O-O 6. Be2 e5 7. Be3 exd4 8. Nxd4 Re8 9. f3 c6 10. Bf2 d5 11. exd5 cxd5 12. O-O Nc6 13. c5 Nh5 14. Qd2 Be5 15. g3 Ng7 {[%emt 0:01:16] The position is equal.} 16. Rfe1 Nf5 17. Ncb5 Qf6 18. Rad1 Nfxd4 19. Nxd4 Bh3 20. f4 Bxd4 21. Bxd4 Nxd4 22. Qxd4 Qxd4+ 23. Rxd4 Rac8 24. Rxd5 Re4 25. a3 Be6 26. Rdd1 Rxc5 27. Bf3 Rxe1+ 28. Rxe1 b6 29. Kf2 Kf8 30. Ke3 Ke7 31. Kd2 Kd6 32. Re3 Bf5 {[%emt 0:11:52] A balanced but interesting game.   Weighted Error Value: White=0.04 (flawless) /Black=0.02 (flawless) .  OK:         	White=3     	Black=8} 1/2-1/2

[Event "Karel Janecek Open 2024"]
[Site "Prague"]
[Date "2024.03.03"]
[Round "5.10"]
[White "Csonka, Balasz"]
[Black "Senthil Maran K"]
[Result "1/2-1/2"]
[ECO "D46"]
[WhiteElo "2480"]
[BlackElo "2275"]
[Annotator "TA"]
[PlyCount "92"]
[EventDate "2024.02.22"]
[EventType "swiss"]
[EventCountry "CZE"]
[SourceTitle "playchess.com"]
[Source "ChessBase"]
[SourceQuality "1"]
[TimeControl "40/5400+30:1800+30"]

1. d4 d5 2. c4 c6 3. Nf3 e6 4. e3 Nf6 5. Bd3 Nbd7 6. O-O dxc4 7. Bxc4 Bd6 8. Nc3 O-O 9. e4 {[%emt 0:00:37][%cal Be3e4,Be4e5][%mdl 32] [#] aiming for e5.} b5 10. Bb3 {[%emt 0:01:28] Threatens to win with e5.} b4 11. e5 $1 bxc3 {[%emt 0:00:06] White is slightly better.} 12. exd6 Ba6 13. Re1 Nb6 14. bxc3 Qxd6 15. Ne5 Nfd7 16. Qg4 Nxe5 17. Rxe5 Bd3 18. Qg3 Bg6 19. h4 {[%emt 0:10:27][%cal Bh2h4,Bh4h5][%mdl 32] [#] Bf4 would now be deadly.} Kh8 20. h5 $36 {[%emt 0:14:00][%mdl 2048] White is on the roll. Black is weak on the dark squares} Bf5 21. h6 Rg8 22. Bf4 {[%emt 0:02:50][%cal Oe5f5] Strongly threatening Rxf5!} Qf8 23. hxg7+ Qxg7 24. Qxg7+ Kxg7 25. c4 {[%emt 0:01:55] Dodges Nd5} Rgd8 26. Ra5 f6 27. Bc7 Rdc8 28. Bd6 Rd8 29. Bc7 Rdc8 30. Bd6 Rd8 31. Bc5 Nd7 32. Be7 {[%emt 0:01:14] A strong pair of Bishops.} (32. Rxa7 Rxa7 33. Bxa7 Ra8 $16) 32... Rdc8 33. Bd6 Nb6 34. f3 h5 35. Kf2 Kg6 36. Re1 h4 37. Ke3 {[%emt 0:03:27] White is much more active.} Rd8 38. Bc7 (38. Bb4 $142) 38... Rdc8 $16 39. Bd6 Rd8 $1 40. Bc5 Rdc8 (40... Nd7 $16) 41. Rh1 $18 Rh8 42. Ra6 (42. Bb4 $18) 42... e5 $16 43. dxe5 Rae8 (43... Nd7 $16 {was called for.}) 44. Bd4 $18 ({Inferior is} 44. Rxa7 Rxe5+ 45. Kd4 Rd8+ 46. Kc3 Rxc5 $17) 44... c5 45. Ba1 (45. Bxc5 $2 {too greedy.} Rxe5+ 46. Kd4 Rd8+ 47. Kc3 Rxc5 $19) 45... Rh7 46. f4 (46. Ra5 $18) 46... Rd8 {[%emt 0:03:33] Weighted Error Value: White=0.22 (precise) /Black=0.10 (very precise) .  Mistake:       	White=3     	Black=3      Inaccurate:     	---       	Black=1      OK:         	White=14    	Black=12     Best:        	White=1     	Black=6      Strong:       	White=1     	Black=1} (46... fxe5 $16 47. Bxe5 Rd8) 1/2-1/2

[Event "Karel Janecek Open 2024"]
[Site "Prague"]
[Date "2024.03.03"]
[Round "5.11"]
[White "Isik, Alparslan"]
[Black "Kokoszczynski, Jan"]
[Result "1-0"]
[ECO "D37"]
[WhiteElo "2452"]
[BlackElo "2272"]
[Annotator "TA"]
[PlyCount "73"]
[EventDate "2024.02.22"]
[EventType "swiss"]
[EventCountry "CZE"]
[SourceTitle "playchess.com"]
[Source "ChessBase"]
[SourceQuality "1"]
[TimeControl "40/5400+30:1800+30"]

1. d4 d5 2. c4 e6 3. Nf3 h6 4. Nc3 Nf6 5. e3 a6 6. b3 b6 7. Bb2 Bb7 8. cxd5 {[%emt 0:03:45] The position is equal.} exd5 9. g3 Bd6 10. Bg2 O-O 11. O-O Nbd7 12. Rc1 Re8 13. Ne2 Rc8 14. Nf4 c5 15. Nh4 Bxf4 (15... Bf8 $1 $11 {remains equal.}) 16. gxf4 (16. exf4 $16 Ne4 17. Nf5) 16... Ne4 (16... g6 $14) 17. Nf5 $16 {[%emt 0:02:20] aiming for dxc5.} Ndf6 18. dxc5 bxc5 19. Be5 $1 {[%emt 0:00:52] White is more active. This pair of bishops is nice.} Re6 20. f3 Ng5 (20... Nd6 $16 21. Nxd6 (21. Bxd6 Rxd6 22. Nxd6 Qxd6 $16) 21... Rxd6) 21. Nd6 $2 ({And not} 21. fxg5 Rxe5 22. f4 Rxf5 $17) ({Better is} 21. b4 $18) 21... Rxd6 $11 22. Bxd6 Qxd6 23. fxg5 hxg5 24. Bh3 Rc7 25. Qd3 Re7 26. Bg2 ({White should play} 26. Qc2 $14) 26... Qb6 (26... Re6 $11) 27. Qc3 $14 d4 (27... Nd7 $14) 28. Qxc5 $16 Qxc5 29. Rxc5 dxe3 30. Rxg5 Nd5 {[%emt 0:00:03] Hoping for ...e2.} 31. Rg4 $1 f5 {[%emt 0:01:10] [#] Dodges Re4} 32. Rd4 (32. Rc4 $1 $16 {f4 is the strong threat.} g5 33. h4) 32... f4 $2 {[%emt 0:00:27] [#] A mistake that costs the game.} (32... g5 $1 $11 {and Black is okay.}) 33. h4 $1 $18 Rc7 34. Re1 {[%emt 0:00:51] And now Bf1 would win.} Rc2 $2 (34... Kf7 {is a better defense.} 35. Bf1 Kf6) 35. Bf1 {[%emt 0:00:13] White is clearly winning.} Rxa2 36. Bc4 Rd2 37. Rxf4 {[%emt 0:02:16] Weighted Error Value: White=0.26 (precise) /Black=0.39.  Loses game:     	---       	Black=1      Missed win:     	White=1     	---        Mistake:       	White=3     	Black=6      Inaccurate:     	White=2     	Black=2      OK:         	White=10    	Black=10     Best:        	White=2     	Black=1      Strong:       	White=2     	---} 1-0